TOP OF THE 1ST |
Galesburg Guzzlers batting - Pitching for Delaware 1787 BC : RHP Jesús Guerra
|
Pitching: RHP Jesús Guerra
|
|
Batting: RHB Eun-bum Kim
|
0-0: Swinging Strike 0-1: SINGLE (Groundball, 4D)
|
Batting: RHB Toussiant L'Ouverture
|
0-0: Ball 1-0: Foul Ball, location: 2F 1-1: Ball 2-1: Called Strike Eun-bum Kim steals 2nd base 2-2: Ball 3-2: Fly out, F8 (Flyball, 8RM)
|
Batting: LHB Adrián Gómez
|
0-0: Ground out 5-3 (Groundball, 56)
|
Batting: RHB Gabrio Campoverde
|
0-0: Ball 1-0: Called Strike 1-1: Fly out, F9 (Flyball, 89S)
|
Top of the 1st over - 0 run(s), 1 hit(s), 0 error(s), 1 left on base; Galesburg 0 - Delaware 0 |
BOTTOM OF THE 1ST |
Delaware 1787 BC batting - Pitching for Galesburg Guzzlers : RHP Miguel Cervantes
|
Pitching: RHP Miguel Cervantes
|
|
Batting: LHB Manoo Satyavrat
|
0-0: Fly out, F7 (Flyball, 7D)
|
Batting: LHB José Rodríguez
|
0-0: Foul Ball, location: 2F 0-1: Ball 1-1: Ball 2-1: Foul Ball, location: 2F 2-2: SINGLE (Flyball, 7S)
|
Batting: LHB Francisco García
|
0-0: Ball 1-0: Called Strike 1-1: Swinging Strike 1-2: Strikes out swinging
|
Batting: SHB Sam Quint
|
0-0: Ball 1-0: Foul Ball, location: 2F 1-1: Ball José Rodríguez steals 2nd base 2-1: Swinging Strike 2-2: Fly out, F5 (Popup, 5L)
|
Bottom of the 1st over - 0 run(s), 1 hit(s), 0 error(s), 1 left on base; Galesburg 0 - Delaware 0 |
TOP OF THE 2ND |
Galesburg Guzzlers batting - Pitching for Delaware 1787 BC : RHP Jesús Guerra
|
Batting: LHB Daniel Faraday
|
0-0: Foul Ball, location: 2F 0-1: Ball 1-1: Foul Ball, location: 2F 1-2: Ball 2-2: Reached on error, E3 (Groundball, 34)
|
Batting: RHB Carlos Cardona
|
0-0: Ball 1-0: SINGLE (Line Drive, 89S) Daniel Faraday to second
|
Batting: LHB Shahid Afridi
|
0-0: Ball 1-0: Called Strike 1-1: Called Strike 1-2: Foul Ball, location: 2F 1-2: Strikes out swinging
|
Batting: RHB Jorge Velázquez
|
0-0: Foul Ball, location: 2F 0-1: Swinging Strike 0-2: Foul Ball, location: 2F 0-2: Strikes out swinging
|
Batting: RHB José Díaz
|
0-0: Ball 1-0: Ball 2-0: Fly out, F4 (Popup, 4D)
|
Top of the 2nd over - 0 run(s), 1 hit(s), 1 error(s), 2 left on base; Galesburg 0 - Delaware 0 |
BOTTOM OF THE 2ND |
Delaware 1787 BC batting - Pitching for Galesburg Guzzlers : RHP Miguel Cervantes
|
Batting: RHB Héctor Flores
|
0-0: Called Strike 0-1: Ground out 5-3 (Groundball, 5S)
|
Batting: RHB Gilberto Rodríguez
|
0-0: Ball 1-0: Fly out, F5 (Popup, 5L)
|
Batting: LHB Ward Wilberfoss
|
0-0: Fly out, F8 (Line Drive, 8RD)
|
Bottom of the 2nd over - 0 run(s), 0 hit(s), 0 error(s), 0 left on base; Galesburg 0 - Delaware 0 |
TOP OF THE 3RD |
Galesburg Guzzlers batting - Pitching for Delaware 1787 BC : RHP Jesús Guerra
|
Batting: RHB Eun-bum Kim
|
0-0: Ball 1-0: Called Strike 1-1: Swinging Strike 1-2: Ball 2-2: Ball 3-2: Strikes out swinging
|
Batting: RHB Toussiant L'Ouverture
|
0-0: SINGLE (Flyball, 7LS)
|
Batting: LHB Adrián Gómez
|
0-0: Called Strike 0-1: Called Strike 0-2: Ball 1-2: Fly out, F7 (Flyball, 7LDF)
|
Batting: RHB Gabrio Campoverde
|
0-0: Ball 1-0: Ball Wild Pitch! Toussiant L'Ouverture to second 2-0: Ball 3-0: 2-RUN HOME RUN (Flyball, 78XD), Distance : 399 ft
|
Batting: LHB Daniel Faraday
|
0-0: Called Strike 0-1: Called Strike 0-2: Ball 1-2: Ball 2-2: Foul Ball, location: 2F 2-2: Ball 3-2: Foul Ball, location: 2F 3-2: SINGLE (Groundball, 4) (infield hit)
|
Batting: RHB Carlos Cardona
|
0-0: Ball 1-0: Ball 2-0: Fielders Choice at 2nd, 6-4 (Groundball, 6)
|
Top of the 3rd over - 2 run(s), 3 hit(s), 0 error(s), 0 left on base; Galesburg 2 - Delaware 0 |
BOTTOM OF THE 3RD |
Delaware 1787 BC batting - Pitching for Galesburg Guzzlers : RHP Miguel Cervantes
|
Batting: RHB Wilson Vega
|
0-0: Ball 1-0: Foul Ball, location: 2F 1-1: Ball 2-1: Fly out, F8 (Flyball, 8LM)
|
Batting: RHB Senior Pond
|
0-0: DOUBLE (Line Drive, 7)
|
Batting: LHB Manoo Satyavrat
|
0-0: Ball Senior Pond steals 3rd base 1-0: Ball 2-0: Called Strike 2-1: Fly out, F7 (Flyball, 7S)
|
Batting: LHB José Rodríguez
|
0-0: Ball Wild Pitch! Senior Pond scores 1-0: Called Strike 1-1: Swinging Strike 1-2: DOUBLE (Line Drive, 8LD)
|
Batting: LHB Francisco García
|
0-0: Foul Ball, location: 2F 0-1: Called Strike 0-2: Ball 1-2: Ball 2-2: Ball 3-2: Strikes out swinging
|
Bottom of the 3rd over - 1 run(s), 2 hit(s), 0 error(s), 1 left on base; Galesburg 2 - Delaware 1 |
TOP OF THE 4TH |
Galesburg Guzzlers batting - Pitching for Delaware 1787 BC : RHP Jesús Guerra
|
Batting: LHB Shahid Afridi
|
0-0: Swinging Strike 0-1: Foul Ball, location: 2F 0-2: Ball 1-2: Strikes out swinging
|
Batting: RHB Jorge Velázquez
|
0-0: Ball 1-0: Called Strike 1-1: Ball 2-1: Foul Ball, location: 2F 2-2: Strikes out swinging
|
Batting: RHB José Díaz
|
0-0: Foul Ball, location: 2F 0-1: Called Strike 0-2: Foul Ball, location: 2F 0-2: Strikes out swinging
|
Top of the 4th over - 0 run(s), 0 hit(s), 0 error(s), 0 left on base; Galesburg 2 - Delaware 1 |
BOTTOM OF THE 4TH |
Delaware 1787 BC batting - Pitching for Galesburg Guzzlers : RHP Miguel Cervantes
|
Batting: SHB Sam Quint
|
0-0: Called Strike 0-1: Ball 1-1: Ball 2-1: Called Strike 2-2: Strikes out looking
|
Batting: RHB Héctor Flores
|
0-0: Swinging Strike 0-1: Called Strike 0-2: Ground out 5-3 (Groundball, 56S)
|
Batting: RHB Gilberto Rodríguez
|
0-0: Called Strike 0-1: Foul Ball, location: 2F 0-2: Ground out 4-3 (Groundball, 4)
|
Bottom of the 4th over - 0 run(s), 0 hit(s), 0 error(s), 0 left on base; Galesburg 2 - Delaware 1 |
TOP OF THE 5TH |
Galesburg Guzzlers batting - Pitching for Delaware 1787 BC : RHP Jesús Guerra
|
Batting: RHB Eun-bum Kim
|
0-0: Foul Ball, location: 2F 0-1: Swinging Strike 0-2: Strikes out swinging
|
Batting: RHB Toussiant L'Ouverture
|
0-0: Swinging Strike 0-1: Foul Ball, location: 2F 0-2: Strikes out looking
|
Batting: LHB Adrián Gómez
|
0-0: Ball 1-0: SINGLE (Groundball, 34D)
|
Batting: RHB Gabrio Campoverde
|
0-0: Foul Ball, location: 2F 0-1: Swinging Strike 0-2: Ball 1-2: Strikes out looking
|
Top of the 5th over - 0 run(s), 1 hit(s), 0 error(s), 1 left on base; Galesburg 2 - Delaware 1 |
BOTTOM OF THE 5TH |
Delaware 1787 BC batting - Pitching for Galesburg Guzzlers : RHP Miguel Cervantes
|
Batting: LHB Ward Wilberfoss
|
0-0: Foul Ball, location: 2F 0-1: Foul Ball, location: 2F 0-2: Ground out 4-3 (Groundball, 34)
|
Batting: RHB Wilson Vega
|
0-0: Ground out 4-3 (Groundball, 4MD)
|
Batting: RHB Senior Pond
|
0-0: Foul Ball, location: 2F 0-1: Ball 1-1: Ball 2-1: Ball 3-1: Ground out 6-3 (Groundball, 6)
|
Bottom of the 5th over - 0 run(s), 0 hit(s), 0 error(s), 0 left on base; Galesburg 2 - Delaware 1 |
TOP OF THE 6TH |
Galesburg Guzzlers batting - Pitching for Delaware 1787 BC : RHP Jesús Guerra
|
Batting: LHB Daniel Faraday
|
0-0: SINGLE (Groundball, 4MD)
|
Batting: RHB Carlos Cardona
|
0-0: Called Strike 0-1: Ball 1-1: Ball 2-1: Ball 3-1: SINGLE (Groundball, 56D) Daniel Faraday to second
|
Pitching: LHP Brian Brewer
|
|
Batting: LHB Shahid Afridi
|
0-0: Ball 1-0: Sac Bunt - play at third, runner OUT! 1-5 Carlos Cardona to second
|
Batting: RHB Jorge Velázquez
|
0-0: Ball 1-0: Foul Ball, location: 2F 1-1: SINGLE (Line Drive, 4D) Carlos Cardona to third Shahid Afridi to second
|
Batting: RHB José Díaz
|
0-0: Ball 1-0: Ground out 5-3 (Groundball, 56S) Carlos Cardona scores Shahid Afridi to third Jorge Velázquez to second
|
Batting: RHB Eun-bum Kim
|
0-0: Ball 1-0: Swinging Strike 1-1: Ball 2-1: Foul Ball, location: 2F 2-2: Strikes out swinging
|
Top of the 6th over - 1 run(s), 3 hit(s), 0 error(s), 2 left on base; Galesburg 3 - Delaware 1 |
BOTTOM OF THE 6TH |
Delaware 1787 BC batting - Pitching for Galesburg Guzzlers : RHP Miguel Cervantes
|
Batting: LHB Manoo Satyavrat
|
0-0: TRIPLE (Flyball, 8LXD)
|
Batting: LHB José Rodríguez
|
0-0: Fly out, F8 (Line Drive, 8RM) Runner from 3rd tags up, SCORES, no throw
|
Batting: LHB Francisco García
|
0-0: Swinging Strike 0-1: Ball 1-1: Ball 2-1: Swinging Strike 2-2: Ball 3-2: Strikes out swinging
|
Batting: SHB Sam Quint
|
0-0: Ball 1-0: Called Strike 1-1: Ball 2-1: Foul Ball, location: 2F 2-2: Fly out, F6 (Line Drive, 6M)
|
Bottom of the 6th over - 1 run(s), 1 hit(s), 0 error(s), 0 left on base; Galesburg 3 - Delaware 2 |
TOP OF THE 7TH |
Galesburg Guzzlers batting - Pitching for Delaware 1787 BC : LHP Brian Brewer
|
Batting: RHB Toussiant L'Ouverture
|
0-0: Called Strike 0-1: Foul Ball, location: 2F 0-2: Ball 1-2: Ball 2-2: Ball 3-2: SINGLE (Line Drive, 9S)
|
Batting: LHB Adrián Gómez
|
0-0: Called Strike 0-1: Called Strike 0-2: Fly out, F7 (Flyball, 78S)
|
Batting: RHB Gabrio Campoverde
|
0-0: SINGLE (Groundball, 56D) Toussiant L'Ouverture to second
|
Pinch Hitting: RHB Silvio Bonauiti
|
0-0: Foul Ball, location: 2F 0-1: Foul Ball, location: 2F 0-2: Ball 1-2: Ball 2-2: Ball 3-2: SINGLE (Groundball, 25) (infield hit) Toussiant L'Ouverture to third Gabrio Campoverde to second
|
Batting: RHB Carlos Cardona
|
0-0: Foul Ball, location: 2F 0-1: Ball 1-1: Foul Ball, location: 2F 1-2: SINGLE (Line Drive, 7LM) Toussiant L'Ouverture scores Gabrio Campoverde to third Silvio Bonauiti to second Runner from 3rd tries for Home, SAFE, no throw
|
Pitching: LHP Nees Bogermans
|
|
Batting: LHB Shahid Afridi
|
0-0: Ball 1-0: Called Strike 1-1: Ball 2-1: Foul Ball, location: 2F 2-2: Fly out, F4 (Popup, 3D)
|
Batting: RHB Jorge Velázquez
|
0-0: Called Strike 0-1: Swinging Strike 0-2: Ball 1-2: Ball 2-2: Foul Ball, location: 2F 2-2: Strikes out swinging
|
Top of the 7th over - 2 run(s), 4 hit(s), 0 error(s), 2 left on base; Galesburg 5 - Delaware 2 |
BOTTOM OF THE 7TH |
Delaware 1787 BC batting - Pitching for Galesburg Guzzlers : RHP Miguel Cervantes
|
Now in RF: Silvio Bonauiti
|
|
Batting: RHB Héctor Flores
|
0-0: Foul Ball, location: 2F 0-1: Reached on error, E6 (Popup, 6D)
|
Batting: RHB Gilberto Rodríguez
|
0-0: Called Strike 0-1: Ball 1-1: Foul Ball, location: 2F 1-2: Fly out, F6 (Line Drive, 6)
|
Batting: LHB Ward Wilberfoss
|
0-0: Ball 1-0: SINGLE (Groundball, 4S) (infield hit) Héctor Flores to second
|
Batting: RHB Wilson Vega
|
0-0: Called Strike 0-1: Fly out, F8 (Flyball, 8RD) Runner from 2nd tags up, SAFE at 3rd, no throw
|
Batting: RHB Senior Pond
|
0-0: Ball 1-0: Fly out, F6 (Line Drive, 6)
|
Bottom of the 7th over - 0 run(s), 1 hit(s), 1 error(s), 2 left on base; Galesburg 5 - Delaware 2 |
TOP OF THE 8TH |
Galesburg Guzzlers batting - Pitching for Delaware 1787 BC : LHP Nees Bogermans
|
Batting: RHB José Díaz
|
0-0: Hit by Pitch
|
Batting: RHB Eun-bum Kim
|
0-0: Bunt missed! 0-1: Ball 1-1: Sac Bunt - play at first, batter OUT! 2-4 José Díaz to second
|
Batting: RHB Toussiant L'Ouverture
|
0-0: Called Strike 0-1: Foul Ball, location: 2F 0-2: Strikes out looking
|
Batting: LHB Adrián Gómez
|
0-0: Called Strike 0-1: Foul Ball, location: 2F 0-2: Ball 1-2: Ball 2-2: Strikes out looking
|
Top of the 8th over - 0 run(s), 0 hit(s), 0 error(s), 1 left on base; Galesburg 5 - Delaware 2 |
BOTTOM OF THE 8TH |
Delaware 1787 BC batting - Pitching for Galesburg Guzzlers : RHP Miguel Cervantes
|
Batting: LHB Manoo Satyavrat
|
0-0: Foul Ball, location: 2F 0-1: Swinging Strike 0-2: Foul Ball, location: 2F 0-2: Ball 1-2: Ball 2-2: Ball 3-2: SINGLE (Line Drive, 5D)
|
Pitching: LHP Anaías Pedroza
|
|
Batting: LHB José Rodríguez
|
0-0: Called Strike 0-1: Called Strike 0-2: Ball 1-2: Strikes out swinging
|
Batting: LHB Francisco García
|
0-0: Ball 1-0: Ground out 5-3 (Groundball, 56S) Manoo Satyavrat to second
|
Batting: SHB Sam Quint
|
0-0: Ball 1-0: Ball 2-0: Foul Ball, location: 2F 2-1: Swinging Strike 2-2: Ball 3-2: Strikes out swinging
|
Bottom of the 8th over - 0 run(s), 1 hit(s), 0 error(s), 1 left on base; Galesburg 5 - Delaware 2 |
TOP OF THE 9TH |
Galesburg Guzzlers batting - Pitching for Delaware 1787 BC : LHP Nees Bogermans
|
Batting: RHB Gabrio Campoverde
|
0-0: Foul Ball, location: 2F 0-1: Swinging Strike 0-2: Strikes out swinging
|
Batting: RHB Silvio Bonauiti
|
0-0: Ball 1-0: Called Strike 1-1: Called Strike 1-2: Strikes out looking
|
Batting: RHB Carlos Cardona
|
0-0: Foul Ball, location: 2F 0-1: Ground out U3 (Groundball, 3S)
|
Top of the 9th over - 0 run(s), 0 hit(s), 0 error(s), 0 left on base; Galesburg 5 - Delaware 2 |
BOTTOM OF THE 9TH |
Delaware 1787 BC batting - Pitching for Galesburg Guzzlers : LHP Anaías Pedroza
|
Pitching: RHP Geoff Stackhouse
|
|
Batting: RHB Héctor Flores
|
0-0: Called Strike 0-1: Foul Ball, location: 2F 0-2: Strikes out swinging
|
Batting: RHB Gilberto Rodríguez
|
0-0: Ground out 6-3 (Groundball, 56)
|
Batting: LHB Ward Wilberfoss
|
0-0: Ball 1-0: Ball 2-0: Called Strike 2-1: Called Strike 2-2: Strikes out swinging
|
Bottom of the 9th over - 0 run(s), 0 hit(s), 0 error(s), 0 left on base; Galesburg 5 - Delaware 2 |
|